 Dungeon Crawl Stone Soup version 0.20.1-1-g8b1a95d (webtiles) character file.

695 Chaoticas the Grappler (level 7, 0/66 HPs)
             Began as a Troll Berserker on July 18, 2017.
             Was a Priest of Trog.
             Shot with an arrow by a centaur (4 damage)
             ... on level 4 of the Dungeon.
             The game lasted 00:05:47 (2301 turns).

Chaoticas the Grappler (Troll Berserker)            Turns: 2301, Time: 00:05:48

Health: 0/66       AC:  5    Str: 26    XL:     7   Next: 37%
Magic:  6/6        EV: 10    Int:  5    God:    Trog [***...]
Gold:   172        SH:  0    Dex:  9    Spells: 6/6 levels left

rFire    . . .     SeeInvis .     - Unarmed
rCold    . . .     Gourm    +   (no shield)
rNeg     . . .     Faith    .   a - +0 animal skin
rPois    .         Spirit   .   (helmet restricted)
rElec    .         Reflect  .   (no cloak)
rCorr    .         Harm     .   (gloves unavailable)
MR       .....                  (boots unavailable)
Stlth    +.........             (no amulet)
Regen    0.7/turn               (no ring)
MPRegen  0.1/turn               (no ring)

@: no status effects
A: unfitting armour, claws 3, fast metabolism 3, gourmand, regeneration 1,
shaggy fur 1, tough skin 2
a: Berserk, Trog's Hand, Burn Spellbooks, Renounce Religion


You were on level 4 of the Dungeon.
You worshipped Trog.
Trog was most pleased with you.
You were completely stuffed.

You visited 1 branch of the dungeon, and saw 4 of its levels.

You collected 172 gold pieces.

Inventory:

Missiles
 l - 2 tomahawks (quivered)
Armour
 a - a +0 animal skin (worn)
Wands
 t - a wand of iceblast (5/15)
   (You found it on level 4 of the Dungeon)
Scrolls
 c - 5 scrolls of teleportation {unknown}
 f - 2 scrolls of fog {unknown}
 h - 4 scrolls of fear {unknown}
 i - 2 scrolls of remove curse {unknown}
 n - 4 scrolls of identify {unknown}
 o - 3 scrolls of amnesia {unknown}
 q - a scroll of enchant weapon {unknown}
 s - 2 scrolls of noise {unknown}
Potions
 d - a potion of lignification {unknown}
 e - a potion of degeneration {unknown}
 g - a potion of curing {unknown}
 k - a potion of resistance {unknown}
Comestibles
 b - 3 bread rations
 j - 3 fruits
 m - 10 chunks of flesh
 p - a royal jelly
 r - a meat ration


   Skills:
 - Level 2.4 Fighting
 - Level 2.4 Dodging
 * Level 8.7 Unarmed Combat


You had 6 spell levels left.
You didn't know any spells.

Dungeon Overview and Level Annotations

Branches:
Dungeon (4/15)             Temple (0/1) D:4

Altars:
Fedhas
Kikubaaqudgha
Xom


Innate Abilities, Weirdness & Mutations

You are too large for most types of armour.
You have claws for hands.
Your metabolism is lightning-fast.
You like to eat raw meat.
Your natural rate of healing is unusually fast.
You are covered in fur. (AC +1)
You have very tough skin. (AC +2)


Message History

Eating one of 11 chunks of flesh.
You eat one of the 11 chunks of flesh.
This raw flesh tastes great.
Found a blossoming altar of Fedhas.
A centaur comes into view.
Found a stone staircase leading up.
A centaur is nearby!
No reachable target in view!
The centaur shouts!
The centaur wields a shortbow.
The centaur shoots an arrow.
The arrow hits you!
The centaur shoots an arrow.
The arrow closely misses you.
Found 14 gold pieces.
You see here 2 arrows.
The centaur shoots an arrow.
The arrow misses you.
No target in view!
The centaur hits the bush.
The centaur hits the bush but does no damage. x2
The centaur hits the bush.
Found a glowing hand axe.
The centaur wields a shortbow.
The centaur shoots an arrow.
The arrow hits you.
You see here an arrow.
The centaur shoots an arrow.
The arrow completely misses you.
The centaur shoots an arrow.
The arrow hits you.
You see here an arrow.
You claw the bush!
The bush is lightly damaged.
The centaur shoots an arrow.
The arrow hits you!
You mangle the bush!! You claw the bush, but do no damage.
The bush is moderately damaged.
The centaur shoots an arrow.
The arrow hits you!
* * * LOW HITPOINT WARNING * * *
You scratch the bush but do no damage. You claw the bush!
The bush is heavily damaged.
The centaur shoots an arrow.
The arrow hits you!
* * * LOW HITPOINT WARNING * * *
You scratch the bush.
The bush is heavily damaged.
The centaur unwields an uncursed shortbow.
The centaur hits the bush.
You scratch the bush but do no damage.
The bush is heavily damaged.
The centaur wields an uncursed shortbow.
The centaur shoots an arrow.
The arrow hits you!
* * * LOW HITPOINT WARNING * * *
You scratch the bush. You claw the bush, but do no damage.
The bush is heavily damaged.
The centaur shoots an arrow.
The arrow barely misses you.
You scratch the bush but do no damage.
The bush is heavily damaged.
The centaur shoots an arrow.
The arrow hits you.
You die... .. ### ##..# .. .#..# PPP.

.#..# P.P.P.#.#### #
PcPP#<....#
#.PPPP@...##.#
#..PP..(..##.# ####..
#.........(..# .....#
#
###)#.....##.##.....#
# #.###.#.##.#.....#
# #......(.........#
###(..(.##.....##
#.....##.....#
#..........#.#


You could see a centaur.

Vanquished Creatures
  The ghost of AverageBear the Cutter, an amateur DEFi (D:3)
  A scorpion (D:4)
  2 hounds (D:4)
  5 orc priests
  4 orc wizards
  3 worker ants (D:4)
  7 adders
  An ooze (D:3)
  2 worms (D:2)
  3 dart slugs
  3 leopard geckos
  20 orcs
  A giant cockroach (D:1)
  6 hobgoblins
  5 jackals
  7 kobolds
  A quokka (D:2)
  A ball python (D:1)
  7 bats
  5 frilled lizards
  14 goblins
  10 rats
109 creatures vanquished.

Vanquished Creatures (others)
  A human (D:2)
1 creature vanquished.

Grand Total: 110 creatures vanquished

Notes
Turn   | Place    | Note
-------+----------+-------------------------------------------
     0 | D:1      | Chaoticas the Troll Berserker began the quest for the Orb.
     0 | D:1      | Reached XP level 1. HP: 22/22 MP: 0/0
   115 | D:1      | Reached XP level 2. HP: 25/29 MP: 1/1
   261 | D:1      | Reached skill level 4 in Unarmed Combat
   464 | D:2      | Reached XP level 3. HP: 27/36 MP: 2/2
   500 | D:2      | Reached ** piety under Trog
   596 | D:2      | Reached XP level 4. HP: 23/44 MP: 3/3
   686 | D:2      | Reached skill level 5 in Unarmed Combat
  1006 | D:2      | Found an ancient bone altar of Kikubaaqudgha.
  1007 | D:2      | Noticed a human
  1009 | D:2      | Killed a human
  1110 | D:3      | Reached skill level 6 in Unarmed Combat
  1110 | D:3      | Reached XP level 5. HP: 40/50 MP: 4/4
  1186 | D:3      | Noticed AverageBear's ghost (amateur DEFi)
  1186 | D:3      | AverageBear's ghost turns its malevolent gaze towards you.
  1195 | D:3      | Killed AverageBear's ghost
  1195 | D:3      | Reached XP level 6. HP: 59/59 MP: 5/5
  1374 | D:3      | Reached *** piety under Trog
  1420 | D:3      | Reached skill level 7 in Unarmed Combat
  1599 | D:3      | Found a shimmering altar of Xom.
  1600 | D:3      | Found a shimmering altar of Xom.
  1602 | D:3      | Found a shimmering altar of Xom.
  1603 | D:3      | Found a shimmering altar of Xom.
  1603 | D:3      | Found a shimmering altar of Xom.
  1603 | D:3      | Found a shimmering altar of Xom.
  1812 | D:4      | Found a shimmering altar of Xom.
  1845 | D:4      | HP: 27/59 [orc priest/divine providence (12)]
  1958 | D:4      | Found a staircase to the Ecumenical Temple.
  1980 | D:4      | Reached skill level 8 in Unarmed Combat
  1980 | D:4      | Reached XP level 7. HP: 60/66 MP: 6/6
  2284 | D:4      | Found a blossoming altar of Fedhas.
  2296 | D:4      | HP: 24/66 [centaur/arrow (14)]
  2299 | D:4      | HP: 3/66 [centaur/arrow (11)]
  2301 | D:4      | Shot with an arrow by a centaur

Skill      XL: |  1  2  3  4  5  6 |
---------------+-------------------+-----
Unarmed Combat | 4 6 8 |  8.7
Fighting       | |  2.4
Dodging        | |  2.4

Action                   |  1- 3 |  4- 6 |  7- 9 || total
-------------------------+-------+-------+-------++-------
Melee: Unarmed           |    92 |   141 |    37 ||   270
       Punch             |     2 |     2 |     3 ||     7
Invok: Trog's Hand       |       |     2 |     1 ||     3
       Berserk           |       |     2 |     1 ||     3
  Eat: Chunk             |    11 |    15 |     5 ||    31
Armor: Animal skin       |    33 |    33 |     4 ||    70
Dodge: Dodged            |    45 |    74 |    19 ||   138
